 Dungeon Crawl Stone Soup version 0.24-a0-530-g18ba70b503 (webtiles) character file.

Game seed: 12674598445001844855

1526 Mithandil the Destroyer (level 8, 0/45 HPs)
             Began as a Tengu Conjurer on Aug 8, 2019.
             Was a Follower of Vehumet.
             Slain by a slave (3 damage)
             ... led by Pikel
             ... on level 7 of the Dungeon on Aug 9, 2019.
             The game lasted 00:50:16 (8577 turns).

Mithandil the Destroyer (Tengu Conjurer)            Turns: 8577, Time: 00:50:17

Health: 0/45       AC:  4    Str: 10      XL:     8   Next: 85%
Magic:  8/18       EV: 17    Int: 13 (15) God:    Vehumet [*.....]
Gold:   27         SH:  0    Dex: 15 (16) Spells: 2/17 levels left

rFire    + . .     SeeInvis .   a - +3 war axe (flame)
rCold    x . .     Gourm    .   (no shield)
rNeg     . . .     Faith    .   d - +1 leather armour
rPois    .         Spirit   .   (helmet restricted)
rElec    .         Reflect  .   (no cloak)
rCorr    .         Harm     .   (no gloves)
MR       .....                  (boots unavailable)
Stlth    +++.......             (no amulet)
HPRegen  0.15/turn              y - ring of wizardry
MPRegen  0.16/turn              i - ring of fire

@: flying quickly and evasively, quick
A: beak, talons 3, high mp 1, MP-powered wands, able to fly
a: Stop Flying, Renounce Religion


You were on level 7 of the Dungeon.
You worshipped Vehumet.
Vehumet was aware of your devotion.
You were not hungry.

You visited 2 branches of the dungeon, and saw 9 of its levels.
You also visited: Ossuary.

You collected 302 gold pieces.
You spent 275 gold pieces at shops.

Inventory:

Hand Weapons
 a - a +3 war axe of flaming (weapon)
 b - a +1 war axe of freezing
 g - a +2 spear of piercing
 s - a +0 hunting sling
 u - a +0 dagger of speed
 Q - a +0 dagger of holy wrath
Missiles
 o - 4 silver boomerangs (quivered)
 q - 24 poisoned darts
 t - 210 stones
 v - 14 bolts
 A - 8 curare-tipped darts
 D - 8 boomerangs
 I - 6 arrows
 O - 48 sling bullets
Armour
 d - a +1 leather armour (worn)
Jewellery
 i - a ring of fire (right hand)
 y - a ring of wizardry (left hand)
 N - an uncursed ring of ice
Wands
 n - a wand of paralysis (4)
 z - a wand of iceblast (16)
 B - a wand of polymorph (5)
Scrolls
 e - 8 scrolls of teleportation
 h - 6 scrolls of identify
 p - a scroll of magic mapping
 w - a scroll of fear
 F - 4 scrolls of remove curse
 H - a scroll of amnesia
Potions
 f - a potion of haste {unknown}
 k - 3 potions of curing
 r - 5 potions of agility
 E - a potion of brilliance
Comestibles
 c - 10 rations
 j - a chunk of flesh


   Skills:
 + Level 2.9 Fighting
 + Level 0.4(1.6) Axes
 - Level 2.4(2.5) Polearms
 + Level 4.7 Dodging
 + Level 4.4 Stealth
 * Level 5.2 Spellcasting
 * Level 8.8 Conjurations
 - Level 2.4 Translocations


You had 2 spell levels left.
You knew the following spells:

 Your Spells              Type           Power        Failure   Level  Hunger
a - Magic Dart            Conj           ####         1%          1    None
b - Searing Ray           Conj           ####..       1%          2    ##.....
c - Force Lance           Conj/Tloc      ###.....     10%         4    ####...
d - Iskenderun's Mystic   Conj           ####....     2%          4    ####...
e - Freeze                Ice            #...         11%         1    None
s - Dazzling Spray        Conj/Hex       ##....       4%          3    ###....

Your spell library contained the following spells:

 Spells                   Type           Power        Failure   Level  Hunger
 Fulminant Prism          Conj/Hex       ##........   16%         4    ####...


Dungeon Overview and Level Annotations

Branches:
Dungeon (8/15)             Temple (1/1) D:6
   Lair: D:8-11

Altars:
Ashenzari
Dithmenos
Elyvilon
Fedhas
Gozag
Hepliaklqana
Kikubaaqudgha
Makhleb
Nemelex Xobeh
Okawaru
Sif Muna
Trog
Uskayaw
Vehumet
Xom
Zin
The Shining One

Shops:
D:7 =

Annotations:
D:6 exclusion: downstairs
D:7 exclusion: hippogriff, Pikel
D:8 1 transporter


Innate Abilities, Weirdness & Mutations

You have a beak for a mouth.
You have claws for feet.
You can fly continuously.
You have an increased reservoir of magic. (+10% MP)
You expend magic power (3 MP) to strengthen your wands.


Message History

The slave is heavily wounded.
The searing ray hits Pikel.
Pikel is almost dead.
You finish channeling your searing ray.
The slave barely misses you. The slave hits you but does no damage.
The slave hits you.
* * * LOW HITPOINT WARNING * * *
Casting: Searing Ray (safe; 1% risk of failure)
Confirm with . or Enter, or press ? or * to list all spells.
Aiming: Searing Ray (safe; 1% risk of failure)
Press: ? - help, Shift-Dir - straight line, f/p - Pikel
Aim: Pikel, wielding a +1 whip of flaming and wearing a +0 robe (almost dead)
The searing ray misses the slave.
The searing ray hits Pikel.
Pikel is almost dead. (Press . to maintain the ray.)
The slave closely misses you.
The searing ray hits the slave.
The slave is heavily wounded.
The slave hits you.
You die...

# #K #.. #.#
.##.#.## #.#
#........ #.#
#.....#.. #.#
##.......### #.#
...........# #.#
##.....###.# #.#
..........p#####.#
#........Kp@....#
###..#.##########
#....########
.....#.........#
.### #########.#
#รท# #.# #.# #.#


You could see Pikel and 2 slaves.

Vanquished Creatures
  A black bear (D:3)
  A slave (D:7)
  2 ogres (D:5)
  A water moccasin zombie (Ossuary)
  A scorpion (D:5)
  A howler monkey (D:4)
  A centaur zombie (D:5)
  3 crimson imps
  3 hounds
  A jelly (D:7)
  2 orc priests
  A bullfrog skeleton (D:6)
  Terence (D:2)
  12 orc wizards
  6 worker ants
  A big kobold zombie (Ossuary)
  2 mummies (Ossuary)
  Robin (D:2)
  A worker ant zombie (D:6)
  3 gnolls (D:2)
  3 adders
  2 oozes
  An adder skeleton (D:5)
  11 adder zombies (Ossuary)
  5 leopard geckos
  15 orcs
  A ball python (D:6)
  7 bats
  8 giant cockroaches
  A gnoll zombie (Ossuary)
  14 goblins
  4 hobgoblins
  9 jackals
  4 quokkas
  9 frilled lizards
  A goblin zombie (D:6)
  2 hobgoblin zombies (Ossuary)
  A jackal skeleton (D:6)
  7 kobolds
  3 kobold zombies (Ossuary)
  A leopard gecko skeleton (D:4)
  A leopard gecko zombie (D:5)
  7 orc zombies (Ossuary)
  A quokka skeleton (D:4)
  A quokka zombie (D:6)
  4 rats
168 creatures vanquished.

Notes
Turn   | Place    | Note
-------+----------+-------------------------------------------
     0 | D:1      | Mithandil the Tengu Conjurer began the quest for the Orb.
     0 | D:1      | Reached XP level 1. HP: 10/10 MP: 4/4
   282 | D:1      | Reached XP level 2. HP: 15/15 MP: 3/6
   286 | D:1      | Learned a level 2 spell: Searing Ray
  1066 | D:1      | Reached XP level 3. HP: 19/19 MP: 3/7
  1580 | D:2      | Reached skill level 6 in Conjurations
  1690 | D:2      | Reached XP level 4. HP: 24/24 MP: 5/9
  1723 | D:2      | Found a white marble altar of Elyvilon.
  1764 | D:2      | Noticed Terence
  1836 | D:2      | Killed Terence
  2059 | D:3      | Gained mutation: You can fly continuously. [Tengu growth]
  2059 | D:3      | Reached XP level 5. HP: 28/28 MP: 8/10
  2067 | D:3      | Learned a level 4 spell: Force Lance
  2191 | D:2      | Noticed Robin
  2209 | D:2      | Killed Robin
  2979 | D:3      | Found an ancient bone altar of Kikubaaqudgha.
  3102 | D:4      | Noticed a black bear
  3111 | D:3      | Killed a black bear
  3111 | D:3      | Reached skill level 1 in Fighting
  3111 | D:3      | Reached XP level 6. HP: 12/34 MP: 2/12
  3562 | D:3      | Found a sparkling altar of Nemelex Xobeh.
  3738 | D:4      | Reached skill level 7 in Conjurations
  3897 | D:5      | Entered Level 5 of the Dungeon
  3901 | D:5      | Reached skill level 1 in Translocations
  4137 | D:4      | Reached XP level 7. HP: 38/38 MP: 5/13
  4197 | D:4      | Learned a level 4 spell: Iskenderun's Mystic Blast
  4535 | D:5      | Found a bloodstained altar of Trog.
  4702 | D:6      | Found a sand-covered staircase.
  4709 | Ossuary  | Entered an ossuary
  5369 | Ossuary  | Reached skill level 1 in Polearms
  5745 | D:5      | Found a hazy altar of Hepliaklqana.
  5975 | D:5      | Reached skill level 8 in Conjurations
  5975 | D:5      | Reached XP level 8. HP: 22/44 MP: 10/15
  6778 | D:6      | Found a staircase to the Ecumenical Temple.
  6793 | Temple   | Entered the Ecumenical Temple
  6889 | Temple   | Became a worshipper of Vehumet
  7428 | D:7      | Found Voygeot's Jewellery Shop.
  7428 | D:7      | Noticed a hippogriff
  7497 | D:6      | Reached skill level 5 in Spellcasting
  7639 | D:6      | Gained mutation: You have an increased reservoir of magic.
                  | (+10% MP) [potion of mutation]
  7639 | D:6      | Gained mutation: You expend magic power (3 MP) to
                  | strengthen your wands. [potion of mutation]
  7739 | D:8      | Found a transporter.
  7847 | D:7      | Bought an uncursed ring of fire for 275 gold pieces
  7908 | D:7      | Noticed Pikel
  7989 | D:8      | Noticed a hippogriff
  8259 | D:7      | Reached * piety under Vehumet
  8259 | D:7      | Offered knowledge of Freeze by Vehumet.
  8265 | D:7      | Learned a level 1 spell: Freeze
  8269 | D:7      | Learned a level 3 spell: Dazzling Spray
  8537 | D:7      | Noticed a two-headed ogre
  8577 | D:7      | Slain by a slave

Levels and vault maps discovered:
D:1:      dpeg_arrival_short_road, layout_basic, minmay_tetromino_s2
D:2:      layout_basic, overflow_temple_1_default, uniq_robin, uniq_terence
D:3:      layout_loops_ring, kiku_gazebo_pond_becter, nemelex_dance_club_becter
D:4:      cheibrodos_quashed, layout_cave_pools
D:5:      layout_loops_ring, nicolae_overflow_hidden_temple,
          nicolae_overflow_crystal_walls, first_ration
D:6:      minmay_flawed_box, layout_basic, minmay_temple_entry_mini_moons,
          enter_ossuary_4
D:7:      layout_loops_ring, lemuel_doored_altar,
          gammafunk_temple_overflow_wave, serial_shops, shop, uniq_menkaure,
          uniq_pikel, uniq_prince_ribbit1
D:8:      gammafunk_cloud_chamber, layout_loops_ring, marbit_many_paths
Temple:   oiseaux_autumnal_temple

Skill      XL: |  1  2  3  4  5  6  7  8 |
---------------+-------------------------+-----
Conjurations   | 6 7 8 |  8.8
Spellcasting   | 3 4 5 |  5.2
Dodging        | 3 4 |  4.7
Fighting       | 1 2 |  2.9
Stealth        | 3 4 |  4.4
Translocations | 1 2 |  2.4
Polearms       | 1 2 |  2.4
Axes           | |  0.4

Action                   |  1- 3 |  4- 6 |  7- 9 || total
-------------------------+-------+-------+-------++-------
Melee: Dagger            |    33 |       |       ||    33
       Kick              |    10 |     2 |    40 ||    52
       Peck              |     4 |     4 |    22 ||    30
       Spear             |       |    48 |   139 ||   187
       War axe           |       |       |    34 ||    34
 Cast: Magic Dart        |    49 |    61 |   103 ||   213
       Searing Ray       |     2 |    15 |    12 ||    29
       Iskenderun's Myst |       |       |     3 ||     3
       Dazzling Spray    |       |       |     1 ||     1
 Abil: Fly               |       |     1 |       ||     1
Evoke: Wand              |       |     3 |       ||     3
  Use: Scroll            |       |     2 |    13 ||    15
       Potion            |       |       |    10 ||    10
 Stab: Sleeping          |       |     4 |     7 ||    11
  Eat: Chunk             |     3 |     8 |     9 ||    20
       Ration            |       |       |     2 ||     2
Armor: Robe              |     7 |     5 |    11 ||    23
       Leather armour    |       |       |     9 ||     9
Dodge: Dodged            |    22 |    52 |   140 ||   214

Table legend:
 A = Non-vault XP
 B = Vault XP
 C = Vault XP percentage of total XP
 D = Non-vault monster count
 E = Vault monster count
 F = Vault count percentage of total count
                 A         B        C        D         E       F
            +---------+---------+-------+---------+---------+-------
      Total |    1595 |     586 |  26.9 |     118 |      49 |  29.3
            +---------+---------+-------+---------+---------+-------
        D:1 |      42 |       1 |   2.3 |      23 |       1 |   4.2
        D:2 |     103 |      64 |  38.3 |      24 |       8 |  25.0
        D:3 |     167 |      10 |   5.6 |      21 |       2 |   8.7
        D:4 |     204 |       0 |   0.0 |       9 |       0 |   0.0
        D:5 |     458 |       0 |   0.0 |       9 |       0 |   0.0
        D:6 |     315 |     306 |  49.3 |      22 |      10 |  31.2
        D:7 |     266 |       0 |   0.0 |       9 |       0 |   0.0
        D:8 |      40 |       0 |   0.0 |       1 |       0 |   0.0
    Ossuary |       0 |     205 | 100.0 |       0 |      28 | 100.0
            +---------+---------+-------+---------+---------+-------
